 Dungeon Crawl Stone Soup version 0.32-a0-859-gb0a091d592 (webtiles) character file.

Game seed: 18209953524103259877

93 backslashecho the Slasher (level 4, -1/35 HPs)
             Began as a Merfolk Warper on Mar 27, 2024.
             Killed from afar by a steam dragon (11 damage)
             ... with a ball of steam
             ... on level 4 of the Dungeon.
             The game lasted 00:08:23 (3313 turns).

backslashecho the Slasher (Merfolk Warper)          Turns: 3313, Time: 00:08:24

Health: -1/35      AC:  3    Str: 11    XL:     4   Next: 62%
Magic:  7/7        EV: 12    Int: 12    God:
Gold:   146        SH:  0    Dex: 15    Spells: 7/7 levels left

rFire   . . .        a - +0 falchion
rCold   . . .        (no shield)
rNeg    . . .        s - +0 leather armour of Wonder {Will+ SInv}
rPois   .            (no helmet)
rElec   .            (no cloak)
rCorr   .            (no gloves)
SInv    +            (no boots)
Will    +....        (no amulet)
Stlth   +            (no ring)
HPRegen 0.25/turn    (no ring)
MPRegen 0.10/turn

%: no passive effects
@: hasted, very quick
A: (nimble swimmer 2), mertail
a: no special abilities


You were on level 4 of the Dungeon.
You visited 1 branch of the dungeon, and saw 4 of its levels.

You collected 188 gold pieces.
You spent 42 gold pieces at shops.

Inventory:

Hand Weapons
 a - a +0 falchion (weapon)
Missiles
 d - 7 darts of dispersal (quivered)
 r - 4 poisoned darts
Armour
 s - the +0 leather armour of Wonder (worn) {Will+ SInv}
   (You found it on level 3 of the Dungeon)

   Will+:     It increases your willpower.
   SInv:      It lets you see invisible.
Jewellery
 q - a +6 ring of intelligence
Wands
 j - a wand of flame (23)
 n - a wand of digging (5)
Scrolls
 c - 2 scrolls of blinking
 e - a scroll of revelation {unknown}
 f - a scroll of teleportation {unknown}
 h - 3 scrolls of fog
 k - 2 scrolls of brand weapon {unknown}
 m - 4 scrolls of vulnerability {unknown}
 t - a scroll of acquirement {unknown}
Potions
 b - a potion of ambrosia {unknown}
 g - 2 potions of degeneration
 i - a potion of curing
 o - a potion of berserk rage {unknown}
 p - a potion of heal wounds {unknown}


   Skills:
 + Level 3.0 Fighting
 * Level 4.3 Long Blades
 - Level 1.0 Throwing
 - Level 1.0 Armour
 + Level 3.7 Dodging
 - Level 2.0 Spellcasting
 - Level 2.4 Translocations


You had 7 spell levels left.
You didn't know any spells.
Your spell library contained the following spells:

 Spells                   Type           Power      Damage    Failure   Level
 Blink                    Tloc           12%        N/A       21%         2
 Lesser Beckoning         Tloc           12%        N/A       21%         2
 Sandblast                Erth           2%         2d4       34%         1
 Teleport Other           Tloc           6%         N/A       38%         3
 Frozen Ramparts          Ice            2%         1d1       71%         3
 Ozocubu's Armour         Ice            1%         N/A       71%         3
 Stone Arrow              Conj/Erth      2%         3d7       71%         3
 Summon Ice Beast         Ice/Summ       1%         N/A       71%         3
 Maxwell's Portable Pile  Tloc           6%         2d(6-11)  80%         4
 Vhi's Electric Charge    Tloc/Air       8%         N/A       91%         4
 Brom's Barrelling Bould  Conj/Erth      1%         2d3       98%         4
 Metabolic Englaciation   Hex/Ice        0%         N/A       100%        5
 Summon Mana Viper        Hex/Summ       1%         N/A       100%        5
 Monstrous Menagerie      Summ           0%         N/A       100%        7


Dungeon Overview and Level Annotations

Branches:
Dungeon (4/15)
 Temple: D:4-7

Altars:
Ashenzari
Dithmenos
Gozag
Makhleb
Uskayaw
Vehumet
Yredelemnul

Shops:
D:1 [:!

Annotations:
D:3 exclusion: door


Innate Abilities, Weirdness & Mutations

((You are very nimble when in or above water. (Stealth+, EV+, Speed+++)))
Your lower body shifts to a powerful aquatic tail in water.


Message History

The hobgoblin hits you but does no damage.
You take 1 damage, and have 19/35 hp.
You barely miss the adder.
The adder is heavily wounded.
You feel sick. The adder bites you.
You are more poisoned.
The adder poisons you! The hobgoblin barely misses you.
The adder barely misses you.
You take 2 damage, and have 17/35 hp.
You hit the adder.
The adder is severely wounded.
You feel sick. The adder bites you.
The hobgoblin hits you but does no damage.
You take 5 damage, and have 12/35 hp.
You feel sick. The adder attacks as it pursues you!
The adder barely misses you.
You see here 14 gold pieces.
You take 2 damage, and have 10/35 hp.
You feel sick.
You take 1 damage, and have 9/35 hp.
You miss the adder.
The adder is severely wounded.
You feel sick. The adder bites you.
* * * LOW HITPOINT WARNING * * *
The adder bites you.
* * * LOW HITPOINT WARNING * * *
You take 5 damage, and have 4/35 hp.
You feel better. The adder bites you but does no damage.
You regained 9 hp, and now have 13/35 hp.
Aiming: Throw Flame
Press: ? - help, Shift-Dir - straight line, f - adder
Aim: an adder (severely wounded, 48% to hit)
The puff of flame hits the adder.
The adder is severely wounded.
The adder barely misses you.
You closely miss the adder.
The adder is severely wounded.
The adder barely misses you. The adder bites you.
* * * LOW HITPOINT WARNING * * *
You take 3 damage, and have 10/35 hp.
You hit the adder.
You kill the adder!
You slash the hobgoblin!
You kill the hobgoblin!
You now have enough gold to buy a potion of haste on D:1.
You can access your shopping list by pressing '$'.
You now have 146 gold pieces (gained 14).
You see here an adder corpse.
There is a stone staircase leading up here.
HP restored.
An adder comes into view.
Health restored: 35
There is a stone staircase leading up here.
Found a book of Geomancy.
You pick up a book of Geomancy and begin reading...
You add the spells Sandblast, Stone Arrow and Brom's Barrelling Boulder to your library.
Okay, then.
t - a scroll labelled SUENEA MEGGEVE A steam dragon comes into view.
The steam dragon hisses angrily.
You hear a shout!
An orc comes into view. It is wielding a +0 mace.
There are monsters nearby!
You start waiting.
A steam dragon is nearby!
Unknown command.
You feel yourself speed up.
You hit the steam dragon.
The steam dragon is lightly wounded.
The steam dragon breathes steam at you. The ball of steam misses you.
You hear an angry hiss.
You hear a shout!
You closely miss the steam dragon.
The steam dragon is lightly wounded.
You are engulfed in a cloud of scalding steam.
You take 2 damage, and have 33/35 hp.
You barely miss the steam dragon.
The steam dragon is lightly wounded.
You are engulfed in a cloud of scalding steam.
The steam dragon closely misses you. The steam dragon barely misses you.
You take 9 damage, and have 24/35 hp.
MASSIVE DAMAGE!!
You hit the steam dragon.
The steam dragon is lightly wounded.
You are engulfed in a cloud of scalding steam.
The steam dragon closely misses you. The steam dragon barely misses you.
You take 7 damage, and have 17/35 hp.
You hit the steam dragon.
The steam dragon is moderately wounded.
You hit the steam dragon but do no damage.
The steam dragon is moderately wounded.
The steam dragon closely misses you. x2
You hit the steam dragon but do no damage.
The steam dragon is moderately wounded.
The steam dragon bites you. The steam dragon claws you.
* * * LOW HITPOINT WARNING * * *
You take 8 damage, and have 10/35 hp.
MASSIVE DAMAGE!!
You hit the steam dragon but do no damage.
The steam dragon is moderately wounded.
The steam dragon breathes steam at you. The ball of steam hits you!
You die...

###########?..
#......D......
#D#########..o
#@# #.# ##.#
#..# #.## #.#
#.# #.# #.#


You could see a steam dragon (catching breath).

Vanquished Creatures
  Jessica (D:3)
  3 adders
  A ribbon worm (D:3)
  2 endoplasms (D:2)
  A giant cockroach (D:3)
  3 goblins
  3 hobgoblins
  4 jackals (D:2)
  3 quokkas
  3 ball pythons
  3 bats
  6 frilled lizards
  3 kobolds
  4 rats
40 creatures vanquished.

Notes
Turn   | Place    | Note
-------+----------+-------------------------------------------
     0 | D:1      | backslashecho the Merfolk Warper began the quest for the
                  | Orb.
     0 | D:1      | Reached XP level 1. HP: 16/16 MP: 3/3
    89 | D:1      | Found Voraxt's Armour Emporium.
    95 | D:1      | Found Nawaakh's Book Shoppe.
   294 | D:1      | Found Raos Nei's Distillery.
   305 | D:1      | Bought a potion of curing for 42 gold pieces
   373 | D:1      | Found a faded altar of an unknown god.
   554 | D:1      | Reached skill level 1 in Armour
   743 | D:2      | Reached XP level 2. HP: 15/22 MP: 5/5
   956 | D:2      | Reached skill level 3 in Long Blades
  1148 | D:2      | Reached XP level 3. HP: 14/28 MP: 6/6
  2515 | D:3      | Noticed Jessica
  2525 | D:3      | Killed Jessica
  2526 | D:3      | Reached skill level 4 in Long Blades
  2526 | D:3      | Reached XP level 4. HP: 34/34 MP: 7/7
  2586 | D:3      | Found a hide-covered altar of Uskayaw.
  2588 | D:3      | Found a shadowy altar of Dithmenos.
  2589 | D:3      | Found a basalt altar of Yredelemnul.
  2590 | D:3      | Found an opulent altar of Gozag.
  2599 | D:3      | Identified the +0 leather armour of Wonder {Will+ SInv}
  2604 | D:3      | Found a broken altar of Ashenzari.
  2904 | D:3      | Found a radiant altar of Vehumet.
  2904 | D:3      | Found a burning altar of Makhleb.
  3294 | D:4      | Noticed a steam dragon
  3313 | D:4      | Killed from afar by a steam dragon

Illustrated notes

Levels and vault maps discovered:
D:1:      ldierk_walled_garden, layout_loops_ring,
          dreamdust_ecumenical_altar_angels_and_demons, serial_shops,
          nicolae_shop_industrial_runoff, shop, shop
D:2:      layout_loops_corners
D:3:      layout_basic, grunt_temple_overflow_lords_of_destruction,
          grunt_temple_overflow_open, minmay_box_of_dots, uniq_jessica
D:4:      layout_loops_ring, minmay_temple_entry_statues_fountains,
          serial_shops, nicolae_square_shop, uniq_robin

Skill      XL: |  1  2  3  4 |
---------------+-------------+-----
Armour         | 1 |  1.0
Dodging        | 3 |  3.7
Long Blades    | 3 4 |  4.3
Fighting       | 3 |  3.0
Throwing       | |  1.0
Spellcasting   | |  2.0
Translocations | |  2.4

Action                     |  1- 3 |  4- 6 || total
---------------------------+-------+-------++-------
  Melee: Falchion          |    96 |    58 ||   154
  Evoke: Wand              |       |     1 ||     1
    Use: Scroll            |     3 |       ||     3
         Potion            |       |     2 ||     2
   Stab: Distracted        |     1 |       ||     1
         Sleeping          |       |     1 ||     1
 Armour: Leather armour    |    62 |    41 ||   103
  Dodge: Dodged            |    57 |    35 ||    92

Table legend: (Time is in decaauts)
 A = Elapsed time spent in this place.
 B = Non-inter-level travel time spent in this place.
 C = Inter-level travel time spent in this place.
 D = Time resting spent in this place.
 E = Time spent auto-exploring this place.
 F = Levels seen in this place.
 G = Mean time per level.
                   A        B        C        D        E       F      G
               +--------+--------+--------+--------+--------+-----+--------+
         Total |   3329 |   2988 |    341 |    125 |   2230 |   4 |  832.2 |
       Dungeon |   3329 |   2988 |    341 |    125 |   2230 |   4 |  832.2 |
               +--------+--------+--------+--------+--------+-----+--------+

Top non-repeatable levels by time:
     D:3: 1253 daAuts
     D:2: 1158 daAuts
     D:1: 699 daAuts
     D:4: 218 daAuts
